 Seeded DCSS version 0.29.1-13-g9f3cf754e1 (webtiles) character file.

Game seed: 20230119 (custom seed)

62 stormannn the Digger (level 4, -2/24 HPs)
             Began as a Gargoyle Earth Elementalist on Jan 19, 2023.
             Killed from afar by Sigmund (13 damage)
             ... with a puff of flame
             ... on level 3 of the Dungeon.
             The game lasted 00:04:46 (2596 turns).

stormannn the Digger (Gargoyle Earth Elementalist)  Turns: 2596, Time: 00:04:48

Health: -2/24      AC:  5    Str: 11    XL:     4   Next: 8%
Magic:  5/7        EV: 12    Int: 18    God:
Gold:   142        SH:  0    Dex: 10    Spells: 6/7 levels left

rFire   . . .      SeeInvis .   e - +0 dagger
rCold   . . .      Faith    .   (no shield)
rNeg    + . .      Spirit   .   a - +0 robe
rPois   ∞          Reflect  .   (no helmet)
rElec   +          Harm     .   (no cloak)
rCorr   +          Rampage  .   (no gloves)
Will    .....                   (no boots)
Stlth   ++........              (no amulet)
HPRegen 0.08/turn               n - ring of resist corrosion
MPRegen 0.10/turn               (no ring)

@: no status effects
A: sickness immunity, AC +3, negative energy resistance 1, electricity
resistance, torment resistance 1, petrification resistance
a: no special abilities


You were on level 3 of the Dungeon.
You visited 1 branch of the dungeon, and saw 3 of its levels.

You collected 142 gold pieces.

Inventory:

Hand Weapons
 e - a +0 dagger (weapon)
Missiles
 c - 14 stones (quivered)
Armour
 a - a +0 robe (worn)
Jewellery
 n - a ring of resist corrosion (left hand)
Wands
 m - a wand of flame (30)
Scrolls
 k - a scroll of vulnerability {unknown}
 o - a scroll of teleportation
Potions
 b - 2 potions of magic
 d - a potion of flight
 f - 2 potions of degeneration {unknown}
 h - 2 potions of heal wounds
 i - 3 potions of curing {unknown}
 j - a potion of berserk rage {unknown}
 l - 2 potions of lignification {unknown}


   Skills:
 * Level 2.3 Dodging
 - Level 2.1 Stealth
 + Level 2.3 Spellcasting
 * Level 2.1 Conjurations
 + Level 1.1 Transmutations
 + Level 3.9 Earth Magic


You had 6 spell levels left.
You knew the following spells:

 Your Spells              Type           Power      Damage    Failure   Level
a - Sandblast             Erth           32%        2d9       3%          1

Your spell library contained the following spells:

 Spells                   Type           Power      Damage    Failure   Level
 Passwall                 Tmut/Erth      9%         N/A       10%         2
 Stone Arrow              Conj/Erth      26%        3d8       16%         3
 Scorch                   Fire           4%         2d5       26%         2
 Gell's Gravitas          Tloc           2%         N/A       47%         3
 Teleport Other           Tloc           2%         N/A       47%         3
 Petrify                  Tmut/Erth      11%        N/A       52%         4
 Flame Wave               Conj/Fire      5%         2d5       75%         4
 Dispersal                Tloc           1%         N/A       100%        6
 Summon Cactus Giant      Summ           1%         N/A       100%        6


Dungeon Overview and Level Annotations

Branches:
Dungeon (3/15)

Altars:

Annotations:
D:3 Sigmund


Innate Abilities, Weirdness & Mutations

You are immune to sickness and miasma.
Your stone body is resilient. (AC +3)
You are immune to poison.
You resist negative energy. (rN+)
You are resistant to electric shocks. (rElec)
You are resistant to unholy torment.
You are immune to petrification.


Message History

The blast of sand hits Sigmund.
Sigmund is lightly wounded.
Sigmund casts a spell at you.
You are confused.
You're too confused to cast spells.
You're too confused to cast spells.
You bump into the rock wall.
Sigmund hits you from afar with a +0 scythe.
Sigmund gestures at you while chanting.
You are more confused.
You bump into the rock wall.
Sigmund casts a spell at you. You resist with some effort.
You bump into the rock wall.
Sigmund closely misses you.
You bump into the rock wall.
You bump into the rock wall.
Sigmund barely misses you.
You hit Sigmund but do no damage.
Sigmund is lightly wounded.
Sigmund hits you with a +0 scythe.
You completely miss Sigmund.
Sigmund is lightly wounded.
You miss Sigmund.
Sigmund is lightly wounded.
Sigmund barely misses you.
You bump into the rock wall.
Sigmund casts a spell.
Sigmund flickers and vanishes!
Deactivating autopickup; reactivate with Ctrl-A.
You're too confused to move!
Something hits you!
You hit something. You barely miss something.
You feel less confused. Something hits you.
As you read the scroll of summoning, it crumbles to dust.
Wisps of shadow whirl around you...
You hear some strange, mumbled words.
A puff of flame appears from out of thin air!
The puff of flame hits you!
Ouch! That really hurt!
You die...

######...[.........#########
.....'..........#..........#
######.......#############.#
.......................# #.#
######################.# #.#
#................#.# #.#
#.##############.#.# #.# #.#
###########.#.# #.# #####.#
.....w{@w...#.# #.# ......#
#############.# #.# #######
#.# #.# #.# #.# #.# #.# #.#
#.# #.# #.# #.# #.# #.# #.#


You could see a friendly worm (summoned) and a friendly dart slug (summoned,
wandering).

Vanquished Creatures
  2 adders
  3 endoplasms
  6 giant cockroaches
  2 goblins (D:1)
  A hobgoblin (D:1)
  4 jackals
  4 quokkas
  4 ball pythons
  4 bats
  2 frilled lizards (D:1)
  3 kobolds (D:1)
  3 rats
38 creatures vanquished.

Notes
Turn   | Place    | Note
-------+----------+-------------------------------------------
     0 | D:1      | stormannn the Gargoyle Earth Elementalist began the quest
                  | for the Orb.
     0 | D:1      | Reached XP level 1. HP: 10/10 MP: 3/3
   254 | D:1      | Reached XP level 2. HP: 11/15 MP: 0/5
   510 | D:1      | Reached skill level 1 in Conjurations
   544 | D:1      | Reached skill level 1 in Transmutations
  1204 | D:2      | Reached XP level 3. HP: 19/19 MP: 4/6
  1429 | D:2      | Found a faded altar of an unknown god.
  2177 | D:3      | Reached XP level 4. HP: 24/24 MP: 3/7
  2577 | D:3      | Noticed Sigmund
  2596 | D:3      | Killed from afar by Sigmund

Illustrated notes

Levels and vault maps discovered:
D:1:      lemuel_arrival_behind_the_door_small, layout_loops_cross
D:2:      layout_basic, dreamdust_ecumenical_altar_angels_and_demons
D:3:      layout_basic, uniq_sigmund

Skill      XL: |  1  2  3 |
---------------+----------+-----
Conjurations   | 1 2 |  2.1
Transmutations | 1 |  1.1
Dodging        | 2 |  2.3
Stealth        | |  2.1
Spellcasting   | |  2.3
Earth Magic    | |  3.9

Action                   |  1- 3 |  4- 6 || total
-------------------------+-------+-------++-------
Melee: Dagger            |     9 |     5 ||    14
Throw: Stone             |     1 |     1 ||     2
 Cast: Sandblast         |    52 |     5 ||    57
  Use: Scroll            |     4 |     1 ||     5
 Stab: Sleeping          |     1 |       ||     1
Armor: Robe              |    11 |       ||    11
Dodge: Dodged            |    24 |     4 ||    28
